 Dungeon Crawl Stone Soup version 0.24.1-14-gf8d2b509d9 (console) character file.

Game seed: 189116120171639122, levelgen mode: deterministic

345 Kagalorn the Covered (level 6, -2/51 HPs)
             Began as a Gnoll Wanderer on Nov 28, 2020.
             Was an Initiate of Ashenzari.
             Slain by an orc
             ... wielding a +0 whip of electrocution
              (8 damage)
             ... on level 4 of the Dungeon.
             The game lasted 00:06:59 (2632 turns).

Kagalorn the Covered (Gnoll Wanderer)               Turns: 2632, Time: 00:06:59

Health: -2/51      AC: 13    Str: 18    XL:     6   Next: 58%
Magic:  8/9        EV:  6    Int: 13    God:    Ashenzari [......]
Gold:   110        SH:  0    Dex: 14    Spells: 9/9 levels left

rFire    . . .     SeeInvis +   a - +2 short sword
rCold    . . .     Gourm    .   (no shield)
rNeg     . . .     Faith    .   r - +0 plate armour
rPois    .         Spirit   .   c - +0 helmet {SInv} (curse)
rElec    .         Reflect  .   (no cloak)
rCorr    .         Harm     .   (no gloves)
MR       .....                  (no boots)
Stlth    ..........             h - amulet of the acrobat (curse)
HPRegen  0.17/turn              (no ring)
MPRegen  0.11/turn              (no ring)

@: no status effects
A: distributed training, fangs 1, strong nose
a: Curse Item, Renounce Religion


You were on level 4 of the Dungeon.
You worshipped Ashenzari.
Ashenzari was noncommittal.
You were not hungry.

You visited 1 branch of the dungeon, and saw 4 of its levels.

You collected 110 gold pieces.

Inventory:

Hand Weapons
 a - a +2 short sword (weapon)
Missiles
 d - 77 stones (quivered)
 i - 18 bolts
 k - 2 boomerangs
 l - 58 sling bullets
 q - 22 poisoned darts
 x - 5 atropa-tipped darts
Armour
 c - a cursed +0 helmet of see invisible (worn)
 r - a +0 plate armour (worn)
Jewellery
 h - a cursed amulet of the acrobat (around neck)
Wands
 t - a wand of polymorph (4)
Scrolls
 j - 3 scrolls of identify {unknown}
 n - a scroll of remove curse
 p - 2 scrolls of teleportation {unknown}
 s - 2 scrolls of enchant weapon {unknown}
 u - a scroll of magic mapping {unknown}
Potions
 b - 2 potions of lignification
 e - 3 potions of flight {unknown}
 g - 2 potions of brilliance {unknown}
 m - 2 potions of heal wounds {unknown}
 o - a potion of magic {unknown}
 v - a potion of curing {unknown}
 w - a potion of ambrosia {unknown}
Comestibles
 f - 6 rations


   Skills:
 + Level 5.0 Fighting
 + Level 5.0 Short Blades
 + Level 2.0 Long Blades
 + Level 2.0 Axes
 + Level 3.2 Maces & Flails
 + Level 2.0 Polearms
 + Level 2.0 Staves
 + Level 2.0 Slings
 + Level 2.0 Bows
 + Level 2.0 Crossbows
 + Level 3.2 Throwing
 + Level 5.0 Armour
 + Level 2.0 Dodging
 + Level 4.6 Stealth
 + Level 2.0 Shields
 + Level 2.0 Unarmed Combat
 + Level 2.0 Spellcasting
 + Level 1.5 Conjurations
 + Level 1.5 Hexes
 + Level 1.5 Charms
 + Level 1.5 Summonings
 + Level 1.5 Necromancy
 + Level 1.5 Translocations
 + Level 1.5 Transmutations
 + Level 1.5 Fire Magic
 + Level 1.5 Ice Magic
 + Level 1.5 Air Magic
 + Level 1.5 Earth Magic
 + Level 1.5 Poison Magic
 + Level 2.2 Invocations
 + Level 2.0 Evocations


You had 9 spell levels left.
You didn't know any spells.
Your spell library was empty.

Dungeon Overview and Level Annotations

Branches:
Dungeon (4/15)
 Temple: D:4-7

Altars:
Ashenzari

Annotations:
D:3 Grinder


Innate Abilities, Weirdness & Mutations

Your experience applies equally to all skills.
You have very sharp teeth.
Your uncanny sense of smell can sniff out nearby items.


Message History

You barely miss the orc. You bite the orc, but do no damage.
You closely miss the orc. The orc barely misses you.
You hit the orc. You bite the orc, but do no damage.
The orc is moderately wounded.
The orc completely misses you.
You closely miss the orc.
The orc is moderately wounded.
The orc hits you but does no damage.
You hit the orc but do no damage.
The orc is moderately wounded.
The orc hits you with a +0 whip of electrocution.
You are electrocuted!
* * * LOW HITPOINT WARNING * * *
You barely miss the orc.
The orc is moderately wounded.
The orc barely misses you.
You closely miss the orc.
The orc is moderately wounded.
The orc hits you but does no damage.
You are electrocuted!
You die...

o#..... ######.#
.o.....### ##....o.#
#...### ###..########
###.o.## #............
###..#### #........>...
##....###............
####...#............ #.#
#########...<...........
.>
.......@oo.#..........รท.
#.##
######.###.#.######.##.#
#..## ##
##.###.......#..##..
###..# .#
##<.......###.>.)###.
.....###.####...#######
###..###.
###....#...#..#.#
#...##..
..#.............###
#####.#.....
#....##.###.###...##
#.....###...
##..###.....# ###..#
#.##### #...


You could see 2 orcs.

Vanquished Creatures
  A phantom (D:4)
  An orc priest (D:4)
  An orc wizard (D:4)
  An iguana (D:4)
  A worker ant (D:4)
  Robin (D:2)
  A howler monkey skeleton (D:4)
  4 adders
  3 worms
  5 dart slugs
  4 leopard geckos
  5 orcs
  2 giant cockroaches (D:1)
  9 goblins
  9 hobgoblins
  2 jackals (D:1)
  2 quokkas (D:2)
  2 ball pythons
  5 bats
  3 frilled lizards
  7 kobolds
  A rat (D:3)
70 creatures vanquished.

Notes
Turn   | Place    | Note
-------+----------+-------------------------------------------
     0 | D:1      | Kagalorn the Gnoll Wanderer began the quest for the Orb.
     0 | D:1      | Kagalorn set off with the following items: a +2 short
                  | sword, 2 potions of lignification, a +0 robe, a +0 dagger,
                  | a ration
     0 | D:1      | Reached XP level 1. HP: 20/20 MP: 1/1
   120 | D:1      | Reached XP level 2. HP: 20/26 MP: 2/2
   481 | D:1      | Reached XP level 3. HP: 30/31 MP: 3/3
   893 | D:2      | Reached skill level 1 in Invocations
  1048 | D:2      | Reached skill level 1 in Long Blades
  1048 | D:2      | Reached skill level 1 in Axes
  1048 | D:2      | Reached skill level 1 in Polearms
  1048 | D:2      | Reached skill level 1 in Staves
  1048 | D:2      | Reached skill level 1 in Slings
  1048 | D:2      | Reached skill level 1 in Bows
  1048 | D:2      | Reached skill level 1 in Crossbows
  1048 | D:2      | Reached skill level 1 in Dodging
  1048 | D:2      | Reached skill level 1 in Shields
  1048 | D:2      | Reached skill level 1 in Unarmed Combat
  1048 | D:2      | Reached skill level 1 in Spellcasting
  1048 | D:2      | Reached skill level 1 in Evocations
  1048 | D:2      | Reached XP level 4. HP: 32/38 MP: 5/5
  1664 | D:3      | Noticed Robin
  1735 | D:2      | Killed Robin
  1735 | D:2      | Reached skill level 1 in Conjurations
  1735 | D:2      | Reached skill level 1 in Hexes
  1735 | D:2      | Reached skill level 1 in Charms
  1735 | D:2      | Reached skill level 1 in Summonings
  1735 | D:2      | Reached skill level 1 in Necromancy
  1735 | D:2      | Reached skill level 1 in Translocations
  1735 | D:2      | Reached skill level 1 in Transmutations
  1735 | D:2      | Reached skill level 1 in Fire Magic
  1735 | D:2      | Reached skill level 1 in Ice Magic
  1735 | D:2      | Reached skill level 1 in Air Magic
  1735 | D:2      | Reached skill level 1 in Earth Magic
  1735 | D:2      | Reached skill level 1 in Poison Magic
  1870 | D:3      | Reached XP level 5. HP: 43/43 MP: 6/6
  1874 | D:3      | Found a faded altar of an unknown god.
  1931 | D:3      | Noticed Grinder
  2105 | D:4      | Noticed a phantom
  2157 | D:4      | Killed a phantom
  2157 | D:4      | Reached XP level 6. HP: 41/50 MP: 8/8
  2166 | D:4      | Found a shattered altar of Ashenzari.
  2174 | D:4      | Became a worshipper of Ashenzari the Shackled
  2314 | D:4      | Reached skill level 5 in Fighting
  2314 | D:4      | Reached skill level 5 in Short Blades
  2314 | D:4      | Reached skill level 5 in Armour
  2632 | D:4      | Slain by an orc

Levels and vault maps discovered:
D:1:      dpeg_arrival_brainrot, layout_basic, minivault_4
D:2:      wander_river, layout_loops_ring
D:3:      layout_basic, chequers_ecumenical_altar_simple, uniq_robin,
          uniq_grinder
D:4:      layout_rooms, cheibrodos_ashenzari_chains, makhleb_grotto_becter,
          temple_green, minmay_cupped

Skill      XL: |  1  2  3  4  5  6 |
---------------+-------------------+-----
Invocations    | 1 2 |  2.2
Long Blades    | 1 2 |  2.0
Axes           | 1 2 |  2.0
Polearms       | 1 2 |  2.0
Staves         | 1 2 |  2.0
Slings         | 1 2 |  2.0
Bows           | 1 2 |  2.0
Crossbows      | 1 2 |  2.0
Dodging        | 1 2 |  2.0
Shields        | 1 2 |  2.0
Unarmed Combat | 1 2 |  2.0
Spellcasting   | 1 2 |  2.0
Evocations     | 1 2 |  2.0
Conjurations   | 1 |  1.5
Hexes          | 1 |  1.5
Charms         | 1 |  1.5
Summonings     | 1 |  1.5
Necromancy     | 1 |  1.5
Translocations | 1 |  1.5
Transmutations | 1 |  1.5
Fire Magic     | 1 |  1.5
Ice Magic      | 1 |  1.5
Air Magic      | 1 |  1.5
Earth Magic    | 1 |  1.5
Poison Magic   | 1 |  1.5
Maces & Flails | 3 |  3.2
Throwing       | 3 |  3.2
Fighting       | 5 |  5.0
Short Blades   | 5 |  5.0
Armour         | 5 |  5.0
Stealth        | |  4.6

Action                   |  1- 3 |  4- 6 || total
-------------------------+-------+-------++-------
Melee: Short sword       |    61 |   215 ||   276
       Bite              |     3 |    33 ||    36
       Punch             |       |     1 ||     1
Invok: Curse Item        |       |     2 ||     2
 Stab: Sleeping          |     7 |       ||     7
  Eat: Chunk             |       |     6 ||     6
Armor: Robe              |     4 |       ||     4
       Plate armour      |       |    86 ||    86
Dodge: Dodged            |    33 |    71 ||   104
